 Dungeon Crawl Stone Soup version 0.28-a0-563-gf77a47075d (webtiles) character file.

Game seed: 10941143331957190450

27 robertstho the Skirmisher (level 2, -4/42 HPs)
             Began as a Minotaur Berserker on Sept 29, 2021.
             Was a Believer of Trog.
             Slain by Sigmund (9 damage)
             ... on level 2 of the Dungeon.
             The game lasted 00:00:47 (1032 turns).

robertstho the Skirmisher (Minotaur Berserker)      Turns: 1032, Time: 00:00:48

Health: -4/42      AC:  2    Str: 21    XL:     2   Next: 93%
Magic:  1/1        EV: 11    Int:  4    God:    Trog [**....]
Gold:   12         SH:  2    Dex:  9    Spells: 1/1 levels left

rFire   . . .      SeeInvis .   a - +0 hand axe
rCold   . . .      Faith    .   c - +0 buckler
rNeg    . . .      Spirit   .   b - +0 animal skin
rPois   .          Reflect  .   (helmet restricted)
rElec   .          Harm     .   (no cloak)
rCorr   .          Rampage  .   (no gloves)
Will    .....                   (no boots)
Stlth   ..........              (no amulet)
HPRegen 0.14/turn               (no ring)
MPRegen 0.07/turn               (no ring)

@: berserking, very quick
A: horns 2, retaliatory headbutt
a: Renounce Religion, Berserk, Trog's Hand


You were on level 2 of the Dungeon.
You worshipped Trog.
Trog was pleased with you.
You visited 1 branch of the dungeon, and saw 2 of its levels.

You collected 12 gold pieces.

Inventory:

Hand Weapons
 a - a +0 hand axe (weapon)
Armour
 b - a +0 animal skin (worn)
 c - a +0 buckler (worn)
Jewellery
 g - a ring of see invisible
Scrolls
 f - a scroll of teleportation {unknown}
Potions
 d - a potion of berserk rage {unknown}
 e - a potion of might {unknown}


   Skills:
 * Level 4.5 Fighting
 + Level 4.1 Axes
 * Level 2.5 Armour
 + Level 2.2 Dodging


You had one spell level left.
You didn't know any spells.
Your spell library was empty.

Dungeon Overview and Level Annotations

Branches:
Dungeon (2/15)

Altars:

Annotations:
D:2 Sigmund


Innate Abilities, Weirdness & Mutations

You have a pair of horns on your head.
You reflexively headbutt those who attack you in melee.


Message History

Sigmund shouts!
Sigmund moves out of view.
A hobgoblin comes into view.
There are monsters nearby!
The hobgoblin shouts!
There is a stone staircase leading up here.
Sigmund hits you with a +0 scythe!
You barely miss Sigmund. Your headbutt misses Sigmund.
Sigmund giggles. "Time to reap what you sow."
Sigmund hits you with a +0 scythe.
You barely miss Sigmund. You hit the hobgoblin. The hobgoblin hits you.
Sigmund hits you with a +0 scythe!
* * * LOW HITPOINT WARNING * * *
Unknown command.
A red film seems to cover your vision as you go berserk!
You feel yourself moving faster!
You feel mighty! The hobgoblin barely misses you.
You hit Sigmund.
Sigmund is lightly wounded.
You hit the hobgoblin.
You kill the hobgoblin!
Trog accepts your kill. Sigmund misses you.
A dart slug comes into view.
You closely miss Sigmund.
Sigmund is lightly wounded.
You barely miss Sigmund.
Sigmund is lightly wounded.
Sigmund barely misses you. You furiously retaliate!
You headbutt Sigmund! You slash Sigmund!
Sigmund is severely wounded.
You barely miss Sigmund.
Sigmund is severely wounded.
Sigmund barely misses you.
You barely miss Sigmund. Your headbutt misses Sigmund.
Sigmund is severely wounded.
You closely miss Sigmund.
Sigmund is severely wounded.
Sigmund hits you with a +0 scythe!
You die...

## ....
###### .....
#....#......
#.<..#......
#...........
#..<........
##..#.....##
#@..^.#....
#@†^_^.# ...
.....^^## ..
#..#....# .
#.w.....#
......... ...
..#.#..
.........##..


You could see Sigmund and a dart slug.

Vanquished Creatures
  3 ball pythons (D:1)
  4 endoplasms (D:1)
  2 goblins (D:1)
  3 hobgoblins
  4 jackals (D:1)
  2 kobolds (D:1)
  A bat (D:1)
  A frilled lizard (D:1)
  3 rats (D:1)
23 creatures vanquished.

Notes
Turn   | Place    | Note
-------+----------+-------------------------------------------
     0 | D:1      | robertstho the Minotaur Berserker began the quest for the
                  | Orb.
     0 | D:1      | Reached XP level 1. HP: 19/19 MP: 0/0
   189 | D:1      | Reached XP level 2. HP: 27/27 MP: 1/1
   574 | D:1      | Reached ** piety under Trog
  1017 | D:2      | Found a faded altar of an unknown god.
  1018 | D:2      | Noticed Sigmund
  1032 | D:2      | Slain by Sigmund

Illustrated notes

Levels and vault maps discovered:
D:1:      wander_arrival_chamber, layout_basic
D:2:      layout_rooms, basic_altar, ebering_ecumenical_altar_webs,
          minmay_pentomino_u2, uniq_robin, uniq_natasha, uniq_sigmund

Skill      XL: |  1  2 |
---------------+-------+-----
Fighting       | 4 |  4.5
Axes           | 4 |  4.1
Armour         | |  2.5
Dodging        | |  2.2

Action                   || total
-------------------------++-------
Melee: Hand axe          ||    40
       Headbutt          ||     7
Invok: Berserk           ||     1
Armor: Animal skin       ||     2
Dodge: Dodged            ||    25
Block: Buckler           ||     3

Table legend: (Time is in decaauts)
 A = Elapsed time spent in this place.
 B = Non-inter-level travel time spent in this place.
 C = Inter-level travel time spent in this place.
 D = Time resting spent in this place.
 E = Time spent auto-exploring this place.
 F = Levels seen in this place.
 G = Mean time per level.
                   A        B        C        D        E       F      G
               +--------+--------+--------+--------+--------+-----+--------+
         Total |   1036 |   1010 |     26 |      0 |    886 |   2 |  518.0 |
       Dungeon |   1036 |   1010 |     26 |      0 |    886 |   2 |  518.0 |
               +--------+--------+--------+--------+--------+-----+--------+

Top non-repeatable levels by time:
     D:1: 1022 daAuts
     D:2: 13 daAuts
